 Dungeon Crawl Stone Soup version 0.31.0-11-ge490571c62 (webtiles) character file.

Game seed: 12149529705471233219

92 JustSomeDude the Sneak (level 4, -1/28 HPs)
             Began as a Kobold Brigand on Feb 2, 2024.
             Slain by Grinder (4 damage)
             ... while paralysed by Grinder
             ... on level 3 of the Dungeon.
             The game lasted 00:05:38 (1873 turns).

JustSomeDude the Sneak (Kobold Brigand)             Turns: 1873, Time: 00:05:39

Health: -1/28      AC:  5    Str: 10    XL:     4   Next: 90%
Magic:  4/4        EV:  3    Int: 18    God:
Gold:   156        SH:  0    Dex: 18    Spells: 3/3 levels left

rFire   . . .        a - +2 dagger
rCold   . . .        (no shield)
rNeg    . . .        b - +0 robe
rPois   .            o - +1 helmet of Gozag's Pride {Str+2}
rElec   .            t - +0 cloak
rCorr   +            (no gloves)
SInv    .            (no boots)
Will    .....        (no amulet)
Stlth   +++++        q - +6 ring of intelligence
HPRegen 0.24/turn    k - ring of resist corrosion
MPRegen 0.09/turn

%: no passive effects
@: paralysed
A: small, no large weapons, nightstalker 3
a: no special abilities


You were on level 3 of the Dungeon.
You visited 1 branch of the dungeon, and saw 3 of its levels.

You collected 156 gold pieces.

Inventory:

Hand Weapons
 a - a +2 dagger (weapon)
Missiles
 d - 8 poisoned darts (quivered)
 e - 3 curare-tipped darts
Armour
 b - a +0 robe (worn)
 c - a +0 cloak
 o - the +1 helmet of Gozag's Pride (worn) {Str+2}
   (You took it off Robin on level 2 of the Dungeon)

   Str+2:     It affects your strength (+2).
 t - a +0 cloak (worn)
Jewellery
 k - a ring of resist corrosion (right hand)
 q - a +6 ring of intelligence (left hand)
 r - an amulet of magic regeneration
Wands
 p - a wand of charming (10)
Scrolls
 g - 2 scrolls of identify {unknown}
 h - 3 scrolls of enchant weapon {unknown}
 i - a scroll of silence {unknown}
 l - a scroll of noise {unknown}
 n - a scroll of blinking {unknown}
 s - a scroll of teleportation {unknown}
Potions
 f - a potion of cancellation {unknown}
 j - a potion of lignification {unknown}
 m - 2 potions of curing


   Skills:
 + Level 3.2 Fighting
 + Level 3.3 Short Blades
 + Level 2.4 Throwing
 + Level 1.7 Dodging
 + Level 6.8 Stealth


You had 3 spell levels left.
You didn't know any spells.
Your spell library contained the following spells:

 Spells                   Type           Power      Damage    Failure   Level
 Blink                    Tloc           0%         N/A       32%         2
 Lesser Beckoning         Tloc           0%         N/A       32%         2
 Momentum Strike          Conj/Tloc      0%         3d8       32%         2


Dungeon Overview and Level Annotations

Branches:
Dungeon (3/15)

Altars:

Annotations:
D:3 Grinder, Terence


Innate Abilities, Weirdness & Mutations

You are small and have problems with some larger weapons.
You are completely attuned to the shadows.


Message History

Grinder hits you but does no damage.
You barely miss Grinder.
Grinder is lightly wounded.
You hit Grinder.
Grinder is lightly wounded.
Grinder hits you but does no damage.
You hit Grinder.
Grinder is moderately wounded.
Grinder barely misses you.
You hit Grinder.
Grinder is moderately wounded.
Grinder barely misses you.
A kobold comes into view. It is wielding a +0 short sword.
You hit Grinder but do no damage.
Grinder is moderately wounded.
Grinder hits you.
Throw: 9 darts (poison)
Press: ? - help, Q - select action, (/) - cycle Shift-Dir - straight line, f - Grinder
Aim: Grinder (moderately wounded, 57% to hit)
You throw a poisoned dart. The poisoned dart hits Grinder.
Grinder is poisoned.
Grinder is moderately wounded.
You hear a splashing noise.
Grinder gestures at you. You resist with significant effort.
You hit Grinder.
Grinder is heavily wounded.
Grinder hits you!
You writhe in agony.
* * * LOW HITPOINT WARNING * * *
It was a potion of curing.
You feel better. Grinder gestures at you.
You suddenly lose the ability to move!
Grinder barely misses you.
Grinder looks more healthy.
Grinder hits you.
* * * LOW HITPOINT WARNING * * *
You writhe in agony.
* * * LOW HITPOINT WARNING * * *
Grinder says, "There's only one good use for a tongue: cutting it out."
Grinder hits you.
You die...
Grinder sighs, "Dead already?
I want a refund."

######### #......<#
#.......# #.......#
.... #.......# ....
#.......# ....
#.......#
....##########.......##
....K5@.>....#.......'.
....####.###.#.......##
.... #.# #.#.......#
##'# #.# #)#.......#
...... #. #.#
#.######### .....#
..##.# .....# .....#
.....# ..#..## ######
.....# ........# #.....


You could see Grinder and a kobold.

Vanquished Creatures
  A sleepcap (D:3)
  Robin (D:2)
  2 ribbon worms
  2 ball pythons
  4 bats
  2 endoplasms
  3 giant cockroaches
  6 goblins
  9 hobgoblins
  4 jackals (D:3)
  A quokka (D:1)
  5 frilled lizards
  2 kobolds (D:2)
  5 rats
47 creatures vanquished.

Notes
Turn   | Place    | Note
-------+----------+-------------------------------------------
     0 | D:1      | JustSomeDude the Kobold Brigand began the quest for the
                  | Orb.
     0 | D:1      | Reached XP level 1. HP: 12/12 MP: 1/1
   229 | D:1      | Reached XP level 2. HP: 17/17 MP: 2/2
   936 | D:2      | Reached skill level 6 in Stealth
   978 | D:2      | Reached XP level 3. HP: 22/22 MP: 3/3
  1006 | D:2      | Identified the +1 helmet of Gozag's Pride {Str+2}
  1006 | D:2      | Noticed Robin
  1239 | D:2      | Killed Robin
  1308 | D:2      | Reached XP level 4. HP: 25/27 MP: 4/4
  1530 | D:3      | Noticed Terence
  1858 | D:3      | Noticed Grinder
  1870 | D:3      | Paralysed by Grinder for 5 turns
  1873 | D:3      | Slain by Grinder

Illustrated notes

Levels and vault maps discovered:
D:1:      psy_arrival_conway, layout_loops_cross
D:2:      layout_rooms, nicolae_the_louvre, uniq_robin, uniq_crazy_yiuf_cottage
D:3:      layout_basic, serial_bayou_crossing, uniq_ijyb, uniq_jessica,
          uniq_terence, uniq_grinder

Skill      XL: |  1  2  3  4 |
---------------+-------------+-----
Stealth        | 6 |  6.8
Short Blades   | 3 |  3.3
Fighting       | 3 |  3.2
Throwing       | |  2.4
Dodging        | |  1.7

Action                     |  1- 3 |  4- 6 || total
---------------------------+-------+-------++-------
  Melee: Dagger            |   103 |    52 ||   155
         Punch             |       |     1 ||     1
  Throw: Dart              |     1 |     1 ||     2
    Use: Potion            |       |     1 ||     1
   Stab: Sleeping          |    11 |     5 ||    16
         Distracted        |     1 |       ||     1
 Armour: Robe              |    42 |    25 ||    67
  Dodge: Dodged            |    52 |    34 ||    86
